 Dungeon Crawl Stone Soup version 0.14-a0-445-g388476e (webtiles) character file.

1872 Leibowitz the Nimble (level 9, -8/54 HPs)
             Began as a Kobold Berserker on Oct 29, 2013.
             Was a Priest of Trog.
             Mangled by an orc warrior
             ... wielding a -1,+0 orcish scimitar
              (22 damage)
             ... on Level 6 of the Dungeon.
             The game lasted 00:25:03 (6402 turns).

Leibowitz the Nimble (Kobold Berserker)             Turns: 6402, Time: 00:25:04

HP  -8/54        AC  7     Str 18      XL: 9   Next: 15%
MP   8/8         EV 22     Int  5      God: Trog [***...]
Gold 283         SH  0     Dex 18      Spells:  0 memorised,  8 levels left

Res.Fire  : . . .   See Invis. : .   a - +1 dwarf dagger
Res.Cold  : . . .   Warding    : .   s - +0 animal skin
Life Prot.: . . .   Conserve   : .   (no shield)
Res.Poison: .       Res.Corr.  : .   g - +0 helmet
Res.Elec. : .       Clarity    : .   n - +1 cloak
Sust.Abil.: + .     Spirit.Shd : .   (no gloves)
Res.Mut.  : .       Stasis     : .   (no boots)
Res.Rott. : .       Flight     : .   (no amulet)
Saprovore : + + .                    A - +3 ring of protection
                                     d - ring of sustain abilities {unknown}

@: slightly resistant to hostile enchantments, quite stealthy
A: disease resistance, carnivore 3, deformed body, saprovore 2, evolution 1, Str
+2
a: Burn Spellbooks, Berserk, Trog's Hand, Renounce Religion


You were on level 6 of the Dungeon.
You worshipped Trog.
Trog was most pleased with you.
You were hungry.

You visited 2 branches of the dungeon, and saw 7 of its levels.

You collected 263 gold pieces.

Inventory:

Hand weapons
 a - a +1,+1 dwarven dagger (weapon)
 b - a +0 blowgun
 w - the +2,+3 long sword "Kheumall" {freeze, rElec MR++ SInv}
   (You took it off an orc wizard on level 5 of the Dungeon)

   It has been specially enchanted to freeze those struck by it, causing extra
   injury to most foes and up to double damage against particularly susceptible
   opponents.
   It can also slow down cold-blooded creatures.
   It insulates you from electricity.
   It affects your resistance to hostile enchantments.
   It enhances your eyesight.
Missiles
 i - 7 curare-tipped needles
 l - 23 poisoned needles
Armour
 g - a +0 helmet (worn)
 n - a +1 cloak (worn)
 s - a +0 animal skin (worn)
Magical devices
 j - a wand of magic darts (18) {unknown}
 o - a wand of flame (20)
Comestibles
 c - a meat ration
 m - 2 rotting chunks of centaur flesh
Scrolls
 e - 9 scrolls of identify {unknown}
 f - 3 scrolls of remove curse
 h - a scroll of enchant weapon I
 p - 5 scrolls of teleportation
 r - a scroll of magic mapping
 z - a scroll of recharging
Jewellery
 d - a ring of sustain abilities (left hand) {unknown}
 A - a +3 ring of protection (right hand)
Potions
 k - a potion of heal wounds
Books
 u - a book of the Earth

   Spells                             Type                      Level
   Dig                                Earth                        4
   Leda's Liquefaction                Hexes/Earth                  4
   Bolt of Magma                      Conjuration/Fire/Earth       5
   Statue Form                        Transmutation/Earth          6
   Iron Shot                          Conjuration/Earth            6
   Shatter                            Earth                        9
   Trog disapproves of the use of such an item.


   Skills:
 * Level 5.8 Fighting
 * Level 7.5 Short Blades
 + Level 1.7 Armour
 + Level 9.3 Dodging
 * Level 5.8 Stealth


You had 8 spell levels left.
You didn't know any spells.

Dungeon Overview and Level Annotations

Branches:
Dungeon (6/27)             Temple (1/1) D:4
    Orc: D:6-11

Altars:
Ashenzari
Cheibriados
Fedhas
Kikubaaqudgha
Nemelex Xobeh
Okawaru
Sif Muna
Vehumet
Xom
Yredelemnul
Zin
the Shining One


Innate Abilities, Weirdness & Mutations

You recuperate from illness quickly.
You are small and have problems with some larger weapons.
You are carnivorous and can eat meat at any time.
You can eat rotten meat.
Armour fits poorly on your strangely shaped body.
Your muscles are strong. (Str +2)
You evolve.


Message History

You swap places.
Your two-headed ogre rages.
Your two-headed ogre hits the orc with a glowing great mace!
The orc dies!
Trog accepts your collateral kill.
An orc warrior comes into view.
It is wielding a runed orcish short sword.
Your two-headed ogre barely misses the orc warrior.
Your two-headed ogre closely misses the orc warrior.
Your two-headed ogre completely misses the orc warrior.
Your two-headed ogre hits the orc warrior with a glowing great mace!
Your two-headed ogre closely misses the orc warrior.
You hit the orc warrior but do no damage.
The orc warrior is severely wounded.
The orc warrior closely misses you.
You closely miss the orc warrior.
The orc warrior is severely wounded.
Your two-headed ogre barely misses the orc warrior.
Your two-headed ogre closely misses the orc warrior.
The orc warrior hits you with an orcish scimitar!
You die...

........ ######. ..........
#....... ........... #.≈≈≈≈≈≈
≈≈≈≈≈≈8.... #.≈≈≈≈ ≈≈≈≈8≈....
#.≈≈# ################'.≈≈....
#.≈≈# ................#.≈≈.##(
..≈≈# .......o.........##≈≈.##.
..≈≈# ......O8@..........)).##.
..≈≈# ....o).o.........##≈≈)...
..≈≈# ................#f≈≈)...
..≈≈#####################')≈≈))..
..≈≈≈≈≈≈≈≈≈≈≈≈ ≈≈≈≈≈≈≈≈8≈..))
..≈≈≈≈≈≈≈≈≈≈≈≈≈ ≈≈≈≈≈≈≈≈≈≈8..(.
................ ...........)....
...............................).
...............# #.............))


You could see 2 orc warriors, an orc and a friendly two-headed ogre (berserk).

Vanquished Creatures
  2 ogres
  A centaur (D:5)
  An electric eel (D:6)
  A jelly (D:6)
  2 crimson imps (D:5)
  3 orc priests (D:5)
  An iguana (D:5)
  A hound (D:5)
  7 orc wizards
  2 scorpions
  6 worker ants
  Ijyb (D:6)
  A hound zombie (D:5)
  8 adders
  A giant mite (D:1)
  A worm (D:5)
  A giant eyeball (D:5)
  4 giant geckos
  4 oozes
  20 orcs
  10 bats
  7 giant cockroaches
  13 hobgoblins
  8 jackals
  2 quokkas (D:2)
  A giant gecko skeleton (D:4)
  3 giant newts
  A giant spore (D:6)
  7 goblins
  A goblin zombie (D:5)
  2 jackal skeletons
  11 kobolds
  An orc skeleton (D:5)
  10 rats
145 creatures vanquished.

Vanquished Creatures (collateral kills)
  Grinder (D:6)
  A sky beast (D:6)
  2 orc warriors (D:6)
  A centaur (D:6)
  A scorpion (D:6)
  An orc priest (D:6)
  4 orc wizards
  A worker ant (D:6)
  A big kobold zombie (D:6)
  7 orcs
  A bat (D:6)
  A goblin (D:6)
  A hobgoblin (D:6)
  A quokka (D:6)
24 creatures vanquished.

Vanquished Creatures (others)
  An orc priest (D:6)
  3 orcs (D:6)
4 creatures vanquished.

Grand Total: 173 creatures vanquished

Notes
Turn   | Place    | Note
--------------------------------------------------------------
     0 | D:1      | Leibowitz, the Kobold Berserker, began the quest for the Orb.
     0 | D:1      | Reached XP level 1. HP: 14/14 MP: 0/0
    97 | D:1      | Reached XP level 2. HP: 13/19 MP: 1/1
   292 | D:1      | Reached skill level 1 in Stealth
   322 | D:1      | Acquired Trog's second power
   352 | D:1      | Reached XP level 3. HP: 10/24 MP: 2/2
   986 | D:2      | Found a sparkling altar of Nemelex Xobeh.
  1011 | D:2      | Reached XP level 4. HP: 15/28 MP: 3/3
  1211 | D:2      | Found a radiant altar of Vehumet.
  2631 | D:3      | Reached XP level 5. HP: 26/33 MP: 4/4
  3020 | D:4      | Noticed an ogre
  3032 | D:4      | Killed an ogre
  3032 | D:4      | Reached skill level 5 in Dodging
  3032 | D:4      | Reached XP level 6. HP: 37/39 MP: 5/5
  3640 | D:4      | Reached skill level 6 in Dodging
  3704 | D:4      | Reached skill level 5 in Short Blades
  3718 | D:4      | Reached XP level 7. HP: 20/43 MP: 6/6
  3952 | D:4      | Found a staircase to the Ecumenical Temple.
  3968 | D:4      | Acquired Trog's third power
  3977 | Temple   | Entered the Ecumenical Temple
  4086 | D:5      | Entered Level 5 of the Dungeon
  4139 | D:5      | Found a shattered altar of Ashenzari.
  4160 | D:5      | Gained mutation: You evolve. [potion of mutation]
  4160 | D:5      | Gained mutation: Armour fits poorly on your strangely shaped body. [potion of mutation]
  4344 | D:5      | Reached skill level 7 in Dodging
  4515 | D:5      | Paralysed by a giant eyeball for 4 turns
  4529 | D:5      | Paralysed by a giant eyeball for 2 turns
  4641 | D:5      | Reached skill level 5 in Fighting
  4805 | D:5      | HP: 3/66 [something (9)]
  4806 | D:5      | Reached XP level 8. HP: 2/49 MP: 7/7
  4834 | D:5      | Gained mutation: Your muscles are strong. (Str +2) [evolution]
  4845 | D:5      | Got a smoking long sword
  4856 | D:5      | Identified the cursed +2,+3 long sword "Kheumall" {freeze, rElec MR++ SInv} (You took it off an orc wizard on level 5 of the Dungeon)
  4856 | D:5      | Identified the cursed +2,+3 long sword "Kheumall" {freeze, rElec MR++ SInv} (You took it off an orc wizard on level 5 of the Dungeon)
  5648 | D:5      | Reached skill level 5 in Stealth
  5691 | D:5      | Reached skill level 8 in Dodging
  5975 | D:6      | Noticed Ijyb
  6005 | D:6      | Killed Ijyb
  6055 | D:6      | Noticed Grinder
  6058 | D:6      | Paralysed by Grinder for 6 turns
  6067 | D:6      | Killed Grinder
  6096 | D:6      | Reached XP level 9. HP: 23/54 MP: 8/8
  6098 | D:6      | Reached skill level 9 in Dodging
  6402 | D:6      | Mangled by an orc warrior

Action                   |  1- 3 |  4- 6 |  7- 9 || total
-------------------------+-------+-------+-------++-------
Melee: Short sword       |   168 |   136 |   249 ||   553
       Dagger            |       |    94 |    33 ||   127
 Fire: Blowgun           |       |    38 |    43 ||    81
Invok: Berserk           |       |     2 |     3 ||     5
       Trog's Hand       |       |     1 |     1 ||     2
       Brothers in Arms  |       |       |     4 ||     4
Evoke: Wand              |       |       |     4 ||     4
  Use: Potion            |       |     2 |     4 ||     6
       Scroll            |       |       |    11 ||    11
 Stab: Sleeping          |     1 |       |     6 ||     7
